 Dungeon Crawl Stone Soup version 0.26.0-45-g9c1d065592 (webtiles) character file.

Game seed: 16792102065273530736

63 Eurus the Insei (level 3, -2/28 HPs)
             Began as a Draconian Transmuter on Jan 31, 2021.
             Slain by Robin
             ... wielding a +0 trident
              (3 damage)
             ... on level 1 of the Dungeon.
             The game lasted 00:03:54 (1732 turns).

Eurus the Insei (Draconian Transmuter)              Turns: 1732, Time: 00:03:54

Health: -2/28      AC:  5    Str: 12    XL:     3   Next: 87%
Magic:  6/7        EV: 12    Int: 13    God:
Gold:   81         SH:  0    Dex: 12    Spells: 6/7 levels left

rFire    . . .     SeeInvis .     - Unarmed
rCold    . . .     Faith    .   (no shield)
rNeg     . . .     Spirit   .   (armour unavailable)
rPois    .         Reflect  .   (helmet currently unavailable)
rElec    .         Harm     .   (no cloak)
rCorr    .         Rampage  .   (no gloves)
Will     .....                  (boots currently unavailable)
Stlth    +.........             (no amulet)
HPRegen  0.09/turn              (no ring)
MPRegen  0.10/turn              (no ring)

@: appendages
A: unfitting armour, horns 2, talons 2, cold-blooded, AC +5
a: End Transformation


You were on level 1 of the Dungeon.
You had grown temporary horns.
You had grown temporary talons.
You visited 1 branch of the dungeon, and saw 2 of its levels.

You collected 81 gold pieces.

Inventory:

Jewellery
 f - a cursed amulet of inaccuracy {unknown}
Scrolls
 b - a scroll of fear {unknown}
 c - a scroll of magic mapping {unknown}
 e - a scroll of remove curse {unknown}
 g - a scroll of immolation {unknown}
 h - a scroll of blinking {unknown}
 i - a scroll of identify {unknown}
Potions
 a - a potion of curing
 d - 2 potions of haste {unknown}


   Skills:
 - Level 1.1 Fighting
 - Level 1.7 Dodging
 + Level 3.7 Unarmed Combat
 + Level 2.7 Spellcasting
 + Level 2.9 Transmutations


You had 6 spell levels left.
You knew the following spells:

 Your Spells              Type           Power        Failure   Level
a - Beastly Appendage     Tmut           18%          7%          1

Your spell library contained the following spells:

 Spells                   Type           Power        Failure   Level
 Wereblood                Tmut           9%           11%         2
 Spider Form              Tmut/Pois      2%           36%         3
 Ice Form                 Ice/Tmut       5%           78%         4
 Blade Hands              Tmut           4%           89%         5


Dungeon Overview and Level Annotations

Branches:
Dungeon (2/15)

Altars:
Makhleb

Annotations:
D:1 Robin
D:2 Terence


Innate Abilities, Weirdness & Mutations

Your plain brown scales are hard. (AC +5)
You cannot fit into any form of body armour.
You are cold-blooded and may be slowed by cold attacks.
You have a pair of horns on your head.
You have razor-sharp toenails.


Message History

You grow a pair of large bovine horns.
Your feet morph into talons.
The hobgoblin closely misses you.
You barely miss the hobgoblin.
Robin hits you from afar with a +0 trident.
The hobgoblin barely misses you.
You hit the hobgoblin. Your headbutt misses the hobgoblin.
Your tail-slap misses the hobgoblin.
The hobgoblin is severely wounded.
Robin misses you. Robin closely misses you. The hobgoblin closely misses you.
You hit Robin.
Robin is moderately wounded.
The hobgoblin hits you. Robin hits you with a +0 trident!
* * * LOW HITPOINT WARNING * * *
You barely miss Robin. You claw Robin! Your headbutt misses Robin.
Robin is almost dead.
The hobgoblin hits you.
* * * LOW HITPOINT WARNING * * *
Robin hits you with a +0 trident.
You die...

##.##....>...#........## #..####
.#.##.##...............# #.....#
.#.##.###.##...........# #.###.#
......###.#............####.###..
..............)..................
.......##.#.#..........###.......
.....#.##....#........####...#...
................g...........##...
............#.##@#..######.##....
.....#.........g...## ##..##.###
.......##..........#####..##..# #
(..##.###.....##........(###.## #
[#........#.#.###......#.)##.####
)#.....(..#.....#................
.#.....................#.##..####
.#.....###'###.###'###...# #.#
##.....'..[..#.#.......#.. ###


You could see Robin and a hobgoblin (strong).

Vanquished Creatures
  An adder (D:2)
  An ooze (D:2)
  A dart slug (D:1)
  2 leopard geckos (D:2)
  3 bats
  2 giant cockroaches (D:1)
  7 goblins
  11 hobgoblins
  6 kobolds
  2 frilled lizards (D:1)
  3 rats
39 creatures vanquished.

Notes
Turn   | Place    | Note
-------+----------+-------------------------------------------
     0 | D:1      | Eurus the Draconian Transmuter began the quest for the Orb.
     0 | D:1      | Reached XP level 1. HP: 16/16 MP: 3/3
   174 | D:1      | Reached XP level 2. HP: 19/23 MP: 3/5
   821 | D:2      | Found a burning altar of Makhleb.
   972 | D:2      | Reached XP level 3. HP: 21/28 MP: 6/6
  1082 | D:2      | Noticed Robin
  1272 | D:2      | Noticed Terence
  1732 | D:1      | HP: 1/28 [hobgoblin[Robin] (2)]
  1732 | D:1      | Slain by Robin

Illustrated notes

Levels and vault maps discovered:
D:1:      shiori_arrival_maze, layout_rooms
D:2:      layout_rooms, nicolae_overflow_hidden_temple, uniq_terence, uniq_robin

Action                   || total
-------------------------++-------
Melee: Unarmed           ||   112
       Kick              ||    11
       Headbutt          ||     9
       Tailslap          ||     8
       Punch             ||     2
 Cast: Beastly Appendage ||    22
Armor: Skin              ||    54
Dodge: Dodged            ||   102
